 Dungeon Crawl Stone Soup version 0.27.1-33-g824d729ab1 (webtiles) character file.

Game seed: 14097016697206002115

290 jlumianski the Covered (level 6, -1/38 HPs)
             Began as a Gargoyle Fighter on Dec 5, 2021.
             Was an Initiate of Yredelemnul.
             Slain by a river rat (5 damage)
             ... on level 4 of the Dungeon.
             The game lasted 00:09:15 (3381 turns).

jlumianski the Covered (Gargoyle Fighter)           Turns: 3381, Time: 00:09:15

Health: -1/38      AC: 15    Str: 21    XL:     6   Next: 32%
Magic:  6/6        EV:  9    Int:  9    God:    Yredelemnul [......]
Gold:   154        SH:  9    Dex:  9    Spells: 5/5 levels left

rFire    . . .     SeeInvis .   a - +0 war axe
rCold    . . .     Faith    .   c - +0 kite shield
rNeg     + . .     Spirit   .   k - +0 chain mail
rPois    ∞         Reflect  .   (no helmet)
rElec    +         Harm     .   (no cloak)
rCorr    .         Rampage  .   e - +0 pair of gloves
Will     .....                  (no boots)
Stlth    ..........             (no amulet)
HPRegen  0.12/turn              i - +4 ring of evasion
MPRegen  0.10/turn              (no ring)

@: no status effects
A: sickness immunity, AC +4, negative energy resistance 1, electricity
resistance, torment resistance 1, petrification resistance
a: Renounce Religion


You were on level 4 of the Dungeon.
You worshipped Yredelemnul.
Yredelemnul was noncommittal.
You visited 1 branch of the dungeon, and saw 4 of its levels.

You collected 154 gold pieces.

Inventory:

Hand Weapons
 a - a +0 war axe (weapon)
 j - a +0 flail of protection
 m - a +1 halberd of holy wrath
Missiles
 l - 22 poisoned darts (quivered)
 o - 43 stones
Armour
 b - a +0 scale mail
 c - a +0 kite shield (worn)
 e - a +0 pair of gloves (worn)
 k - a +0 chain mail (worn)
Jewellery
 i - a +4 ring of evasion (left hand)
 p - a ring of fire
Scrolls
 h - a scroll of teleportation {unknown}
 n - a scroll of summoning
Potions
 d - a potion of might
 f - a potion of brilliance
 g - a potion of curing {unknown}


   Skills:
 + Level 4.1 Fighting
 + Level 4.1 Axes
 + Level 4.4 Armour
 + Level 0.9 Dodging
 + Level 0.2 Stealth
 + Level 4.1 Shields


You had 5 spell levels left.
You didn't know any spells.
Your spell library contained the following spells:

 Spells                   Type           Power      Damage    Failure   Level
 Animate Skeleton         Necr           0%         N/A       100%        1
 Apportation              Tloc           0%         N/A       100%        1
 Corona                   Hex            0%         N/A       100%        1
 Freeze                   Ice            0%         1d3       100%        1
 Summon Small Mammal      Summ           0%         N/A       100%        1
 Frozen Ramparts          Ice            0%         1d2       100%        3
 Hailstorm                Conj/Ice       0%         3d3       100%        4
 Summon Forest            Summ/Tloc      0%         N/A       100%        5
 Summon Mana Viper        Hex/Summ       0%         N/A       100%        5
 Shadow Creatures         Summ           N/A        N/A       100%        6


Dungeon Overview and Level Annotations

Branches:
Dungeon (4/15)             Temple (0/1) D:4

Altars:
Nemelex Xobeh
Yredelemnul


Innate Abilities, Weirdness & Mutations

You are immune to sickness and miasma.
Your stone body is resilient. (AC +4)
You are immune to poison.
You resist negative energy. (rN+)
You are resistant to electric shocks. (rElec)
You are resistant to unholy torment.
You are immune to petrification.


Message History

There is an open door here.
Throw: 25 darts (poison)
Press: ? - help, Q - select action, (/) - cycle Shift-Dir - straight line, f - ogre
Aim: an ogre, wielding a +0 giant spiked club (72% to hit)
You throw a poisoned dart. The poisoned dart hits the ogre.
The ogre is poisoned.
Throw: 24 darts (poison)
Press: ? - help, Q - select action, (/) - cycle Shift-Dir - straight line, f/p - ogre
Aim: an ogre, wielding a +0 giant spiked club (lightly wounded, poisoned, 72% to hit)
You throw a poisoned dart. The poisoned dart hits the ogre.
The ogre looks even sicker.
The ogre is lightly wounded.
You hear the slow rusting of a drain very nearby.
A rat and a river rat come into view.
Throw: 23 darts (poison)
Press: ? - help, Q - select action, (/) - cycle Shift-Dir - straight line, f/p - ogre
Aim: an ogre, wielding a +0 giant spiked club (moderately wounded, poisoned, 72% to hit)
You throw a poisoned dart. The poisoned dart hits the ogre.
The ogre is moderately wounded.
You slash the ogre!
The ogre is heavily wounded.
You block the ogre's attack.
You hit the ogre.
The ogre is severely wounded.
The ogre looks more healthy.
The ogre hits you with a +0 giant spiked club!!
Ouch! That really hurt!
You barely miss the ogre.
The ogre is severely wounded.
You hit the rat. The rat barely misses you. The ogre barely misses you. x2
You barely miss the ogre.
The ogre is severely wounded.
You hit the river rat. You block the river rat's attack.
The ogre hits you with a +0 giant spiked club!
* * * LOW HITPOINT WARNING * * *
You barely miss the ogre.
The ogre is severely wounded.
You hit the river rat. The river rat bites you.
You die...
Your body rises from the dead as a mindless zombie.

**,,,****..**###.######
******≈≈****≈≈*#.# *
*≈≈≈≈≈≈≈≈≈≈#.## *
**≈≈****≈≈*#..# *
*≈**≈≈**≈*##.#
*≈*≈∩≈≈≈≈*#..#
*≈*≈≈≈≈≈≈*#(##
*≈**≈≈****#O#
**≈≈****≈≈*#@#
*≈≈≈≈≈≈≈≈≈≈rr#
**≈≈*###≈≈#### ****
##**


You could see an ogre, a river rat and a rat.

Vanquished Creatures
  A phantom (D:2)
  A bullfrog skeleton (D:4)
  Jessica (D:2)
  2 orc wizards (D:3)
  3 gnolls
  An adder (D:2)
  3 worms (D:2)
  An orc (D:2)
  3 ball pythons
  3 bats
  5 endoplasms
  3 giant cockroaches
  4 goblins
  6 hobgoblins
  6 jackals
  5 kobolds
  4 quokkas
  A frilled lizard (D:2)
  5 rats
58 creatures vanquished.

Vanquished Creatures (others)
  11 fungi (D:4)
11 creatures vanquished.

Grand Total: 69 creatures vanquished

Notes
Turn   | Place    | Note
-------+----------+-------------------------------------------
     0 | D:1      | jlumianski the Gargoyle Fighter began the quest for the
                  | Orb.
     0 | D:1      | Reached XP level 1. HP: 14/14 MP: 1/1
   422 | D:2      | Reached XP level 2. HP: 19/19 MP: 2/2
   436 | D:2      | Noticed a phantom
   716 | D:1      | Reached XP level 3. HP: 19/23 MP: 3/3
  1606 | D:2      | Noticed Jessica
  1622 | D:2      | Killed Jessica
  1623 | D:2      | Reached XP level 4. HP: 15/29 MP: 4/4
  1783 | D:2      | Killed a phantom
  1784 | D:2      | Reached XP level 5. HP: 10/33 MP: 5/5
  1794 | D:2      | Found a faded altar of an unknown god.
  2235 | D:3      | Reached XP level 6. HP: 22/38 MP: 6/6
  3010 | D:3      | Found a sparkling altar of Nemelex Xobeh.
  3010 | D:3      | Found a basalt altar of Yredelemnul.
  3016 | D:3      | Became a worshipper of Yredelemnul the Dark
  3381 | D:4      | Slain by a river rat

Illustrated notes

Levels and vault maps discovered:
D:1:      dpeg_arrival_tiny_f, layout_loops_ring
D:2:      layout_basic, chequers_ecumenical_altar_simple_redux,
          minmay_misc_feat_enclosed, minmay_unequal, uniq_jessica
D:3:      layout_basic, mainiacjoe_overflow_alcove_1,
          gammafunk_temple_overflow_statue, kennysheep_path_1
D:4:      old_forge, layout_basic, nicolae_tso_carved_into_rock, temple_pool_b,
          gup_sewer_entry_bubbles, minmay_bent, uniq_sigmund

Skill      XL: |  1  2  3  4  5  6 |
---------------+-------------------+-----
Axes           | 2 3 4 |  4.1
Fighting       | 4 |  4.1
Armour         | 4 |  4.4
Shields        | 4 |  4.1
Dodging        | |  0.9
Stealth        | |  0.2

Action                   |  1- 3 |  4- 6 || total
-------------------------+-------+-------++-------
Melee: War axe           |    84 |   138 ||   222
Throw: Dart              |       |     4 ||     4
  Use: Scroll            |     1 |     3 ||     4
Armor: Scale mail        |    41 |    51 ||    92
       Chain mail        |       |    25 ||    25
Dodge: Dodged            |    26 |    43 ||    69
Block: Kite shield       |    53 |    68 ||   121
